 Dungeon Crawl Stone Soup version 0.30.1-9-gdf580d7c3d (webtiles) character file.

Game seed: 771592035269005011

49 Ivernyr the Shield-Bearer (level 4, 36/36 HPs)
             Began as a Formicid Fighter on Oct 6, 2023.
             Got out of the dungeon alive.
             The game lasted 00:04:32 (953 turns).

Ivernyr the Shield-Bearer (Formicid Fighter)         Turns: 953, Time: 00:04:33

Health: 36/36      AC:  7    Str: 20    XL:     4   Next: 1%
Magic:  4/4        EV:  9    Int:  8    God:
Gold:   82         SH:  5    Dex: 15    Spells: 3/3 levels left

rFire   . . .        a - +0 quarterstaff
rCold   . . .        c - +0 buckler
rNeg    . . .        b - +0 scale mail
rPois   .            (helmet unavailable)
rElec   .            (no cloak)
rCorr   .            (no gloves)
SInv    +            (no boots)
Will    .....        (no amulet) Stlth
                     (no ring)
HPRegen 0.26/turn    (no ring)
MPRegen 0.09/turn

%: no passive effects
@: no status effects
A: permanent stasis, dig shafts and tunnels, antennae 3, four strong arms
a: Dig, Shaft Self


You escaped.
You visited 1 branch of the dungeon, and saw 2 of its levels.

You collected 82 gold pieces.

Inventory:

Hand Weapons
 a - a +0 quarterstaff (weapon)
Armour
 b - a +0 scale mail (worn)
 c - a +0 buckler (worn)
Scrolls
 i - a scroll of teleportation {unknown}
 j - a scroll of fear {unknown}
 k - a scroll of identify {unknown}
 l - a scroll of immolation {unknown}
Potions
 d - a potion of might
 e - a potion of berserk rage {unknown}
 f - 2 potions of mutation {unknown}
 g - a potion of ambrosia {unknown}
 h - 2 potions of heal wounds {unknown}


   Skills:
 + Level 3.6 Fighting
 * Level 3.0 Staves
 + Level 3.7 Armour
 + Level 4.4 Shields


You had 3 spell levels left.
You didn't know any spells.
Your spell library contained the following spells:

 Spells                   Type           Power      Damage    Failure   Level
 Hailstorm                Conj/Ice       0%         3d3       99%         3
 Ice Form                 Ice/Tmut       0%         N/A       100%        4
 Simulacrum               Ice/Necr       0%         N/A       100%        6


Dungeon Overview and Level Annotations

Branches:
Dungeon (2/15)

Altars:

Shops:
D:1 ?


Innate Abilities, Weirdness & Mutations

You cannot be hasted, slowed, berserked, paralysed or teleported.
You can dig through walls and to a lower floor.
You have a pair of large antennae on your head. (SInv)
Your four strong arms can wield two-handed weapons with a shield.


Message History

Found a stone staircase leading up.
An adder comes into view.
The adder hisses angrily.
The adder closely misses you.
You closely miss the adder. The adder barely misses you.
You block the adder's attack.
You miss the adder. The adder bites you.
You sock the adder!
The adder is severely wounded.
You block the adder's attack. The adder bites you but does no damage.
You hit the adder.
The adder is almost dead.
The adder bites you.
You thump the adder!
You kill the adder!
Your life force feels restored.
You have reached level 4!
You feel clever.
You enter the shallow water.
Moving in this stuff is going to be slow.
A ball python comes into view.
You enter the shallow water.
Moving in this stuff is going to be slow.
The ball python bites you but does no damage.
The ball python grabs you. The ball python constricts you.
You hit the ball python.
You kill the ball python!
Your Staves skill increases to level 3!
You see here a ball python corpse.
There is a stone staircase leading up here.
You climb upwards.
There is a stone staircase leading down here.
(D) Dungeon
Where to? (Enter - D:2, ? - help)
Okay, then.
Welcome back, Ivernyr the Formicid Fighter.
Press ? for a list of commands and other information.
There is a staircase leading out of the dungeon here.
Are you sure you want to leave the Dungeon?
This will make you lose the game!
You have escaped!

#≈~≈~.###...........###
#≈≈~~...............#
#≈≈.~...............#
#≈≈~~..8..........###
#≈~.~........8....#
#≈~~~~...........##
#≈≈~~~8.8........#
#≈≈~~~~..........#
#≈≈~~.~.@.......##
#≈≈~~~~~~.......#
≈≈≈~~...~......##
≈≈≈≈≈~~~~.......#
≈≈≈≈≈~~~.~.~..~~#
≈≈≈≈≈≈~~≈..~.~~≈#
≈≈≈≈≈≈≈≈~≈~≈~~~~#
≈≈≈≈≈≈≈≈≈≈≈≈≈≈≈≈#
############


There were no monsters in sight!

Vanquished Creatures
  An adder (D:2)
  A gnoll (D:1)
  A dart slug (D:2)
  2 endoplasms (D:1)
  5 goblins
  3 hobgoblins
  2 quokkas
  5 ball pythons
  A bat (D:2)
  3 frilled lizards
  2 kobolds
  2 rats (D:1)
28 creatures vanquished.

Notes
Turn   | Place    | Note
-------+----------+-------------------------------------------
     0 | D:1      | Ivernyr the Formicid Fighter began the quest for the Orb.
     0 | D:1      | Reached XP level 1. HP: 18/18 MP: 1/1
    75 | D:1      | Reached XP level 2. HP: 24/24 MP: 2/2
   178 | D:1      | Reached XP level 3. HP: 11/29 MP: 3/3
   280 | D:1      | Found Bialaosinn's Magic Scroll Boutique.
   836 | D:2      | Reached XP level 4. HP: 30/36 MP: 4/4
   953 | D:$      | Got out of the dungeon alive.

Illustrated notes

Levels and vault maps discovered:
D:1:      nicolae_arrival_washed_ashore, layout_rooms, serial_shops,
          nicolae_shop_tiny_real_fake_doors
D:2:      layout_rooms, dreamdust_ecumenical_altar_drowned_temple,
          uniq_crazy_yiuf_cottage, uniq_terence

Skill      XL: |  1  2  3  4 |
---------------+-------------+-----
Staves         | 3 |  3.0
Fighting       | |  3.6
Armour         | |  3.7
Shields        | |  4.4

Action                     |  1- 3 |  4- 6 || total
---------------------------+-------+-------++-------
  Melee: Quarterstaff      |    76 |     1 ||    77
 Armour: Scale mail        |    19 |     1 ||    20
  Dodge: Dodged            |    35 |       ||    35
  Block: Buckler           |    18 |       ||    18
